 Dungeon Crawl Stone Soup version 0.18-a0-916-gc496e2e (webtiles) character file.

189 Herrn the Digger (level 6, -1/44 HPs)
             Began as a Formicid Earth Elementalist on Dec 26, 2015.
             Slain by Pikel
             ... wielding a +1 whip of flaming
              (11 damage)
             ... on level 4 of the Dungeon.
             The game lasted 00:15:07 (3541 turns).

Herrn the Digger (Formicid Earth Elementalist)      Turns: 3541, Time: 00:15:07

Health: -1/44      AC:  3    Str: 15    XL:     6   Next: 0%
Magic:  0/11       EV: 12    Int: 17    God:
Gold:   174        SH:  0    Dex: 11    Spells: 2 memorised, 7 levels left

rFire  . . .     SeeInvis +     b - 44 stones
rCold  . . .     Gourm    .     a - +1 robe
rNeg   . . .     Faith    .     (no shield)
rPois  .         Spirit   .     (helmet unavailable)
rElec  .         Dismiss  .     (no cloak)
rCorr  .         Reflect  .     (no gloves)
SustAt +         Harm     .     (no boots)
MR     .....                    (no amulet)
Stlth  ++........               y - ring of sustain attributes
                                p - +3 ring of strength

@: very slightly contaminated, not resistant to hostile enchantments, unstealthy
A: permanent stasis, dig shafts and tunnels, four strong arms, antennae 3
a: Dig, Shaft Self


You were on level 4 of the Dungeon.
You were not hungry.

You visited 1 branch of the dungeon, and saw 4 of its levels.

You collected 174 gold pieces.

Inventory:

Hand Weapons
 j - a +0 hand axe
 q - a +1 arbalest
Missiles
 b - 44 stones (in hand)
 s - 3 poisoned bolts
 x - 14 bolts
 A - 12 steel bolts
Armour
 a - a +1 robe (worn)
Jewellery
 p - a +3 ring of strength (left hand)
 y - a ring of sustain attributes (right hand)
Wands
 t - a wand of random effects (11/48)
Scrolls
 i - a scroll of teleportation
 k - 2 scrolls of remove curse
Potions
 e - a potion of invisibility {unknown}
 f - 2 potions of might {unknown}
 g - a potion of mutation {unknown}
 h - 2 potions of flight {unknown}
 r - a potion of brilliance {unknown}
 v - 2 potions of heal wounds {unknown}
 w - 2 potions of haste {unknown}
 z - a potion of curing {unknown}
Books
 c - a book of Geomancy

   Spells                             Type                      Level
   a - Sandblast                      Earth                        1
   b - Stoneskin                      Transmutation/Earth          2
   c - Passwall                       Transmutation/Earth          3
   d - Stone Arrow                    Conjuration/Earth            3
   e - Petrify                        Transmutation/Earth          4
   f - Lee's Rapid Deconstruction     Earth                        5
Comestibles
 d - 3 bread rations
 l - 2 meat rations
 m - 3 beef jerkies
 n - 3 fruits


   Skills:
 * Level 1.6 Fighting
 - Level 0.2 Axes
 * Level 1.0 Crossbows
 + Level 2.1 Dodging
 - Level 2.6 Stealth
 + Level 3.4 Spellcasting
 * Level 1.0 Conjurations
   Level 1.1 Transmutations
 + Level 5.3 Earth Magic


You had 7 spell levels left.
You knew the following spells:

 Your Spells              Type           Power        Failure   Level  Hunger
a - Sandblast             Erth           ###...       1%          1    None
b - Stone Arrow           Conj/Erth      ##....       14%         3    ###....


Dungeon Overview and Level Annotations

Branches:
Dungeon (4/15)
 Temple: D:4-7

Altars:
Xom
Yredelemnul

Annotations:
D:4 Pikel


Innate Abilities, Weirdness & Mutations

You are under a permanent stasis effect.
You can dig through walls and to a lower floor.
Your four strong arms can wield two-handed weapons with a shield.
You have a pair of large antennae on your head (SInv).


Message History

The rocky blast hits Pikel.
Pikel is moderately wounded.
Pikel barely misses you.
Casting: Sandblast
Confirm with . or Enter, or press ? or * to list all spells.
Aiming: Sandblast
Press: ? - help, Shift-Dir - straight line, f/p - Pikel
Aim: Pikel, wielding a whip of flaming and wearing a glowing robe (moderately wounded)
The rocky blast hits Pikel.
Pikel is moderately wounded.
Pikel closely misses you.
Casting: Sandblast
Confirm with . or Enter, or press ? or * to list all spells.
Aiming: Sandblast
Press: ? - help, Shift-Dir - straight line, f/p - Pikel
Aim: Pikel, wielding a whip of flaming and wearing a glowing robe (moderately wounded)
The rocky blast hits Pikel.
Pikel is moderately wounded.
Pikel hits you with a whip of flaming!
You die...

#.........#
#...p.....#
#####p#'# #...p{..#
#p###.### #p# #.#
#p# #.# #K# #.# #@#
#.# #.# ... #.# .#
#.# # ##### #.#.#.#
######...#####.....#
#....'...........###
#.####...#########
#.# #...#


You could see Pikel and 3 slaves.

Vanquished Creatures
  An orc priest (D:3)
  Terence (D:2)
  Robin (D:4)
  2 adders (D:2)
  A gnoll (D:1)
  An ooze (D:3)
  2 worms
  3 giant geckos
  4 orcs (D:3)
  A ball python (D:1)
  A giant cockroach (D:1)
  16 goblins
  10 hobgoblins
  9 jackals
  2 quokkas
  5 bats
  A giant gecko skeleton (D:4)
  3 giant newts
  7 kobolds
  10 rats
  A spectral orc (D:2)
82 creatures vanquished.

Notes
Turn   | Place    | Note
--------------------------------------------------------------
     0 | D:1      | Herrn the Formicid Earth Elementalist began the quest for the Orb.
     0 | D:1      | Reached XP level 1. HP: 13/13 MP: 3/3
   620 | D:1      | Reached XP level 2. HP: 15/20 MP: 3/5
   687 | D:1      | Reached skill level 4 in Earth Magic
   774 | D:1      | Reached XP level 3. HP: 25/25 MP: 4/6
  1257 | D:2      | Learned a level 3 spell: Stone Arrow
  1353 | D:2      | Reached XP level 4. HP: 17/31 MP: 3/7
  1372 | D:2      | Reached skill level 1 in Fighting
  1627 | D:2      | Found a shimmering altar of Xom.
  2134 | D:2      | Noticed Terence
  2150 | D:2      | Killed Terence
  2150 | D:2      | Reached skill level 5 in Earth Magic
  2150 | D:2      | Reached XP level 5. HP: 31/37 MP: 0/9
  2242 | D:2      | Found a basalt altar of Yredelemnul.
  3239 | D:3      | Reached skill level 1 in Conjurations
  3343 | D:4      | Noticed Robin
  3381 | D:4      | Killed Robin
  3381 | D:4      | Reached skill level 1 in Crossbows
  3400 | D:4      | Reached XP level 6. HP: 27/44 MP: 4/11
  3519 | D:4      | Noticed Pikel
  3519 | D:4      | Noticed a slave
  3519 | D:4      | Noticed a slave
  3519 | D:4      | Noticed a slave
  3519 | D:4      | Noticed a slave
  3541 | D:4      | Slain by Pikel

Vault maps used:
D:1:      sevenhm_arrival_forest_fort_large_1
D:2:      yredelemnul_forgotten_temple_becter, xom_butterflies, uniq_terence
D:4:      minmay_temple_entry_junction, gup_sewer_entry_bowl, uniq_robin,
          uniq_pikel

Action                   |  1- 3 |  4- 6 || total
-------------------------+-------+-------++-------
Melee: Unarmed           |     6 |       ||     6
       Hand axe          |     8 |    23 ||    31
 Cast: Sandblast         |    52 |    99 ||   151
 Abil: Dig               |       |     1 ||     1
  Use: Scroll            |       |     6 ||     6
 Stab: Sleeping          |     1 |     1 ||     2
  Eat: Chunk             |     2 |     7 ||     9
